 Dungeon Crawl Stone Soup version 0.19-a0-1105-g259b4db (webtiles) character file.

61 Akrasiac the Cudgeler (level 4, 0/33 HPs)
             Began as a Human Wanderer on Aug 9, 2016.
             Was an Initiate of Okawaru.
             Slain by a worm (8 damage)
             ... on level 2 of the Dungeon.
             The game lasted 00:01:27 (992 turns).

Akrasiac the Cudgeler (Human Wanderer)               Turns: 992, Time: 00:01:27

Health: 0/33       AC:  3    Str: 13    XL:     4   Next: 27%
Magic:  4/4        EV: 11    Int: 12    God:    Okawaru [......]
Gold:   47         SH:  0    Dex: 13    Spells: 0 memorised, 3 levels left

rFire  . . .     SeeInvis .     a - +2 mace
rCold  . . .     Gourm    .     k - +0 leather armour
rNeg   . . .     Faith    .     (no shield)
rPois  .         Spirit   .     (no helmet)
rElec  .         Dismiss  .     (no cloak)
rCorr  .         Reflect  .     (no gloves)
SustAt .         Harm     .     (no boots)
MR     .....                    (no amulet)
Stlth  +.........               (no ring)
                                (no ring)

@: lethally poisoned (0 -> -4)
A: no striking features
a: Renounce Religion


You were on level 2 of the Dungeon.
You worshipped Okawaru.
Okawaru was noncommittal.
You were not hungry.

You visited 1 branch of the dungeon, and saw 2 of its levels.

You collected 47 gold pieces.

Inventory:

Hand Weapons
 a - a +2 mace (weapon)
Missiles
 l - 16 poisoned needles
Armour
 d - a +0 robe
 k - a +0 leather armour (worn)
Scrolls
 c - a scroll of teleportation
 e - 2 scrolls of identify {unknown}
 i - a scroll of noise {unknown}
 j - a scroll of fear {unknown}
 n - 3 scrolls of remove curse {unknown}
 o - a scroll of amnesia {unknown}
 q - a scroll of blinking {unknown}
 r - a scroll of enchant weapon {unknown}
Potions
 b - a potion of lignification
 g - a potion of flight {unknown}
 h - 3 potions of might {unknown}
 p - 2 potions of curing {unknown}
Comestibles
 f - 4 bread rations
 m - 3 fruits


   Skills:
 - Level 2.0 Fighting
 * Level 5.5 Maces & Flails
 - Level 1.0 Dodging
 - Level 1.0 Stealth
   Level 1.0 Shields
   Level 1.0 Evocations


You had 3 spell levels left.
You didn't know any spells.

Dungeon Overview and Level Annotations

Branches:
Dungeon (2/15)

Altars:
Cheibriados
Dithmenos
Okawaru
Zin


Message History

You kill the adder!
Okawaru accepts your kill.
You feel sick.
You see here an adder corpse.
You feel sick.
You barely miss the worm.
You feel sick.
You hit the worm.
The worm is lightly wounded.
The worm bites you!
You hit the worm.
The worm is lightly wounded.
You feel sick. The worm bites you.
* * * LOW HITPOINT WARNING * * *
The adder hisses angrily.
You hit the worm.
The worm is moderately wounded.
You hit the worm.
The worm is heavily wounded.
You feel sick. The worm bites you!
You die...

#.......
#....?. .....
.S. #'# #.#
### #.# ##_##
#w# #...#
#@#####'####
#†##.#...#.##
#....'.8.'._#
#.##.#...#.##
#.#####'####
#.# #...# #.#
##_## #.# ###
#.#


You could see a worm and an adder.

Vanquished Creatures
  3 adders (D:2)
  2 oozes
  A giant gecko (D:1)
  4 bats
  A giant cockroach (D:2)
  4 goblins (D:1)
  3 hobgoblins (D:1)
  A kobold (D:1)
  2 giant newts
  4 rats (D:1)
25 creatures vanquished.

Notes
Turn   | Place    | Note
-------+----------+-------------------------------------------
     0 | D:1      | Akrasiac the Human Wanderer began the quest for the Orb.
     0 | D:1      | Akrasiac set off with: a +2 mace, a potion of lignification, a scroll of teleportation, a +0 robe, a bread ration
     0 | D:1      | Reached XP level 1. HP: 16/16 MP: 1/1
    16 | D:1      | Reached XP level 2. HP: 20/22 MP: 2/2
   229 | D:1      | Reached XP level 3. HP: 19/27 MP: 3/3
   608 | D:2      | Found an iron altar of Okawaru.
   611 | D:2      | Reached skill level 5 in Maces & Flails
   628 | D:2      | Became a worshipper of Warmaster Okawaru
   697 | D:2      | Reached XP level 4. HP: 23/33 MP: 4/4
   957 | D:2      | Found a snail-covered altar of Cheibriados.
   960 | D:2      | Found a shadowy altar of Dithmenos.
   963 | D:2      | Found a glowing silver altar of Zin.
   992 | D:2      | Slain by a worm

Vault maps used:
D:1:      onia_arrival_pyramid
D:2:      grunt_temple_overflow_diamond, first_bread, minmay_tree_intersection,
          serial_park_tiny_pond, okawaru_metal_pillars_1_2

Skill      XL: |  1  2  3 |
---------------+----------+-----
Maces & Flails | 5 |  5.5
Fighting       | |  2.0
Dodging        | |  1.0
Stealth        | |  1.0
Shields        | |  1.0
Evocations     | |  1.0

Action                   |  1- 3 |  4- 6 || total
-------------------------+-------+-------++-------
Melee: Mace              |    54 |    15 ||    69
 Stab: Sleeping          |     1 |       ||     1
Armor: Robe              |     6 |       ||     6
       Leather armour    |     2 |     2 ||     4
Dodge: Dodged            |    27 |     7 ||    34
